 Dungeon Crawl Stone Soup version 0.29-a0-483-g69413ace17 (webtiles) character file.

Game seed: 5383086496059155676

2586 Ragain the Cleaver (level 9, -3/81 HPs)
             Began as a Minotaur Berserker on May 25, 2022.
             Was a Priest of Trog.
             Slain by an eight-headed hydra (7 damage)
             ... on level 7 of the Dungeon.
             The game lasted 00:18:48 (5526 turns).

Ragain the Cleaver (Minotaur Berserker)             Turns: 5526, Time: 00:18:49

Health: -3/81      AC: 13    Str: 22    XL:     9   Next: 32%
Magic:  17/17      EV:  9    Int:  4    God:    Trog [***...]
Gold:   376        SH:  0    Dex: 11    Spells: 8/8 levels left

rFire   . . .      SeeInvis .   a - +1 hand axe
rCold   + . .      Faith    +   (no shield)
rNeg    . . .      Spirit   .   v - +0 chain mail
rPois   .          Reflect  .   (helmet restricted)
rElec   +          Harm     .   t - +1 cloak
rCorr   +          Rampage  .   (no gloves)
Will    ++...                   (no boots)
Stlth   ..........              o - amulet of faith
HPRegen 0.23/turn               q - ring of protection from cold
MPRegen 0.15/turn               m - ring of Erynud {rElec Will++ rCorr MP+9 Str-3}

@: on berserk cooldown
A: horns 2, retaliatory headbutt
a: Renounce Religion, Berserk, Trog's Hand


You were on level 7 of the Dungeon.
You worshipped Trog.
Trog was most pleased with you.
You visited 1 branch of the dungeon, and saw 7 of its levels.

You collected 376 gold pieces.

Inventory:

Hand Weapons
 a - a +1 hand axe (weapon)
Missiles
 e - 10 poisoned darts (quivered)
Armour
 t - a +1 cloak (worn)
 v - a +0 chain mail (worn)
Jewellery
 m - the ring of Erynud (right hand) {rElec Will++ rCorr MP+9 Str-3}
   (You took it off a hobgoblin on level 3 of the Dungeon)

   [ring of magical power]

   Str:       It affects your strength (-3).
   rElec:     It insulates you from electricity.
   MP:        It affects your magic capacity (+9).
   rCorr:     It protects you from acid and corrosion.
   Will:      It greatly increases your willpower.
 o - an amulet of faith (around neck)
 q - a ring of protection from cold (left hand)
Wands
 i - a wand of mindburst (5)
 s - a wand of iceblast (7)
Scrolls
 b - a scroll of summoning {unknown}
 d - a scroll of identify {unknown}
 f - 3 scrolls of enchant weapon
 g - 2 scrolls of teleportation {unknown}
 h - a scroll of vulnerability {unknown}
 j - a scroll of magic mapping
 n - a scroll of immolation {unknown}
 r - 2 scrolls of poison {unknown}
 u - a scroll of fear {unknown}
 x - a scroll of amnesia {unknown}
 y - a scroll of enchant armour {unknown}
 z - a scroll of torment {unknown}
 B - a scroll of fog {unknown}
 F - a scroll of blinking {unknown}
 G - a scroll of brand weapon {unknown}
Potions
 c - a potion of curing
 k - 2 potions of mutation {unknown}
 p - 3 potions of flight {unknown}
 w - a potion of attraction {unknown}
 A - 2 potions of brilliance {unknown}
 C - a potion of haste
 D - a potion of lignification {unknown}
 E - a potion of magic {unknown}


   Skills:
 * Level 7.8 Fighting
 * Level 10.5 Axes
 * Level 7.5 Armour
 + Level 4.8 Dodging
 - Level 2.0 Stealth
 + Level 1.0 Evocations


You had 8 spell levels left.
You didn't know any spells.
Your spell library was empty.

Dungeon Overview and Level Annotations

Branches:
Dungeon (7/15)             Temple (0/1) D:6

Altars:
Uskayaw
The Shining One

Shops:
D:4 *

Annotations:
D:5 1 transporter, bande's ghost, novice GrFi
D:6 2 transporters, CowFu's ghost, novice GnFi


Innate Abilities, Weirdness & Mutations

You have a pair of horns on your head.
You reflexively headbutt those who attack you in melee.


Message History

The six-headed hydra bites you!
The six-headed hydra closely misses you.
The six-headed hydra bites you.
The six-headed hydra bites you but does no damage.
You hack one of the six-headed hydra's heads off!
The five-headed hydra grows two more!
You slash the seven-headed hydra!
The seven-headed hydra is heavily wounded.
The seven-headed hydra closely misses you.
The seven-headed hydra bites you but does no damage.
The seven-headed hydra completely misses you.
The seven-headed hydra bites you. The seven-headed hydra bites you!
The seven-headed hydra bites you but does no damage. x2
You slice one of the seven-headed hydra's heads off!
The six-headed hydra grows two more!
You slash the eight-headed hydra! You headbutt the eight-headed hydra.
The eight-headed hydra is heavily wounded.
The eight-headed hydra bites you.
The eight-headed hydra bites you but does no damage.
The eight-headed hydra closely misses you.
The eight-headed hydra bites you.
* * * LOW HITPOINT WARNING * * *
The eight-headed hydra bites you.
* * * LOW HITPOINT WARNING * * *
The eight-headed hydra bites you.
* * * LOW HITPOINT WARNING * * *
The eight-headed hydra bites you but does no damage. x2
You hit the eight-headed hydra.
The eight-headed hydra is severely wounded.
The eight-headed hydra closely misses you.
The eight-headed hydra bites you.
* * * LOW HITPOINT WARNING * * *
The eight-headed hydra bites you.
* * * LOW HITPOINT WARNING * * *
The eight-headed hydra completely misses you.
The eight-headed hydra barely misses you.
The eight-headed hydra bites you but does no damage.
The eight-headed hydra bites you!
* * * LOW HITPOINT WARNING * * *
The eight-headed hydra bites you!
You die...

#.#.#######..#.##.#
#.#.#,,,,,#.##.#..#
#.#.#,***,#.##,,#.#
#.#.#,+,*,'..*,*.)#
#.#.#,***,#.#,,,#.#
#.#.#,,,,,#.#,,*#.#
#.#.#######.#,*,#.#
###.#.).......**###.)
#...@D##.#..##,*#...#
#.##..#,,#,*,,,,#..#.
#.*#..#***,,**###.#.#
#,*##..#,**,,,*..#.#.
*,* #.#.#**,**.##.#..
*,* #.....,,..#.[#...
*,* #.###+#*#,###....
*,* #.#,,,,,*,,,####.
*,* *,*,***,*,,**#.##


You could see an eight-headed hydra (corroded).

Vanquished Creatures
  Grinder (D:4)
  A steam dragon (D:7)
  A water moccasin (D:6)
  2 sky beasts
  2 ice beasts
  An orc warrior (D:7)
  A black bear (D:6)
  An ogre (D:5)
  2 centaurs (D:7)
  A bullfrog (D:6)
  A wight (D:7)
  3 scorpions
  5 killer bees (D:7)
  An electric eel (D:6)
  2 howler monkeys (D:6)
  3 jellies
  4 orc priests
  5 hounds
  A gnoll shaman (D:7)
  3 iguanas
  Ijyb (D:4)
  Natasha (thrice) (D:4)
  6 gnolls
  3 adders
  2 white imps (D:5)
  A worm (D:3)
  3 dart slugs
  9 orcs
  8 ball pythons
  7 endoplasms
  5 giant cockroaches
  10 hobgoblins
  3 jackals (D:3)
  10 kobolds
  2 quokkas
  11 bats
  7 frilled lizards
  4 goblins
  2 rats (D:1)
138 creatures vanquished.

Vanquished Creatures (others)
  An orc (D:7)
  22 plants
23 creatures vanquished.

Grand Total: 161 creatures vanquished

Notes
Turn   | Place    | Note
-------+----------+-------------------------------------------
     0 | D:1      | Ragain the Minotaur Berserker began the quest for the Orb.
     0 | D:1      | Reached XP level 1. HP: 19/19 MP: 0/0
   115 | D:1      | Reached skill level 4 in Axes
   115 | D:1      | Reached XP level 2. HP: 13/27 MP: 1/1
   407 | D:1      | Reached XP level 3. HP: 30/33 MP: 2/2
   576 | D:1      | Reached ** piety under Trog
   976 | D:2      | Reached XP level 4. HP: 31/41 MP: 3/3
  1345 | D:3      | Reached skill level 5 in Axes
  1355 | D:3      | Identified the ring of Erynud {rElec Will++ rCorr MP+9
                  | Str-3}
  1358 | D:3      | Noticed an ice beast
  1361 | D:3      | Found a faded altar of an unknown god.
  1369 | D:3      | Killed an ice beast
  1370 | D:3      | Reached XP level 5. HP: 35/47 MP: 4/4
  1701 | D:3      | Found a glowing golden altar of the Shining One.
  1893 | D:4      | Reached skill level 5 in Fighting
  1893 | D:4      | Reached skill level 6 in Axes
  2008 | D:4      | Found Yvebois's Fire Supplies.
  2204 | D:4      | Reached *** piety under Trog
  2284 | D:4      | Noticed Natasha
  2286 | D:4      | Noticed Grinder
  2293 | D:4      | Killed Natasha
  2294 | D:4      | Reached skill level 1 in Stealth
  2294 | D:4      | Reached XP level 6. HP: 56/56 MP: 5/5
  2311 | D:4      | Killed Grinder
  2317 | D:4      | Reached XP level 7. HP: 34/62 MP: 6/6
  2477 | D:4      | Noticed Ijyb
  2493 | D:4      | Killed Ijyb
  2494 | D:4      | Reached skill level 7 in Axes
  2643 | D:4      | Noticed Natasha
  2648 | D:4      | Killed Natasha
  2820 | D:4      | Noticed Natasha
  2833 | D:4      | Killed Natasha
  2847 | D:5      | Entered Level 5 of the Dungeon
  2847 | D:5      | Identified the +7 great mace "Irghuluff" {flame, *Corrode
                  | rPois Str+7}
  2849 | D:5      | Noticed bande's ghost (novice GrFi)
  2856 | D:5      | Found a transporter.
  3099 | D:5      | Found a hide-covered altar of Uskayaw.
  3119 | D:5      | Reached skill level 8 in Axes
  3445 | D:5      | Reached XP level 8. HP: 46/71 MP: 7/7
  3969 | D:6      | Found a transporter.
  3970 | D:6      | Noticed CowFu's ghost (novice GnFi)
  3971 | D:6      | Found a transporter.
  3972 | D:6      | Noticed a manticore
  4016 | D:6      | Reached skill level 9 in Axes
  4016 | D:6      | Reached skill level 5 in Armour
  4182 | D:6      | Found a staircase to the Ecumenical Temple.
  5002 | D:7      | Reached skill level 10 in Axes
  5003 | D:7      | Reached XP level 9. HP: 79/79 MP: 8/8
  5498 | D:7      | Reached skill level 1 in Evocations
  5517 | D:7      | Noticed a four-headed hydra
  5526 | D:7      | HP: 4/81 [eight-headed hydra (7)]
  5526 | D:7      | Slain by an eight-headed hydra

Illustrated notes

Levels and vault maps discovered:
D:1:      roderic_dead_forest, layout_basic, minmay_tetromino_i4
D:2:      layout_rooms
D:3:      layout_rooms, nicolae_tso_carved_into_rock,
          dreamdust_ecumenical_altar_statues
D:4:      layout_loops_ring, nicolae_shop_fire_sale [nicolae_sub_dead_trees],
          st_stairs_1, uniq_ijyb, uniq_grinder, uniq_natasha
D:5:      layout_loops_cross, mainiacjoe_overflow_catwalk, gammafunk_ghost_smash
D:6:      layout_loops_ring, minmay_temple_entry_proselytizer,
          gammafunk_ghost_arena, serial_bayou, serial_bayou_lagoon_a,
          serial_bayou_lagoon_b, serial_bayou_pond_a, serial_bayou_shore_a
D:7:      layout_loops_ring, minmay_shattered_shrine

Skill      XL: |  1  2  3  4  5  6  7  8  9 |
---------------+----------------------------+-----
Fighting       | 4 5 6 7 |  7.8
Axes           | 4 5 6 8 10 | 10.5
Armour         | 3 4 6 7 |  7.5
Dodging        | 3 4 |  4.8
Stealth        | 1 2 |  2.0
Evocations     | 1 |  1.0

Action                   |  1- 3 |  4- 6 |  7- 9 || total
-------------------------+-------+-------+-------++-------
Melee: Hand axe          |    72 |    82 |   218 ||   372
       Headbutt          |    12 |    15 |    39 ||    66
       Punch             |       |       |     2 ||     2
Invok: Berserk           |       |     1 |     7 ||     8
       Trog's Hand       |       |       |     3 ||     3
Evoke: Wand              |       |       |     3 ||     3
  Use: Scroll            |       |     1 |     2 ||     3
       Potion            |       |     1 |       ||     1
 Stab: Sleeping          |     2 |       |       ||     2
       Distracted        |       |       |     1 ||     1
Armor: Animal skin       |    15 |       |       ||    15
       Leather armour    |       |    21 |     1 ||    22
       Chain mail        |       |       |    97 ||    97
Dodge: Dodged            |    37 |    50 |    96 ||   183

Table legend: (Time is in decaauts)
 A = Elapsed time spent in this place.
 B = Non-inter-level travel time spent in this place.
 C = Inter-level travel time spent in this place.
 D = Time resting spent in this place.
 E = Time spent auto-exploring this place.
 F = Levels seen in this place.
 G = Mean time per level.
                   A        B        C        D        E       F      G
               +--------+--------+--------+--------+--------+-----+--------+
         Total |   5585 |   5472 |    113 |      0 |   4157 |   7 |  797.9 |
       Dungeon |   5585 |   5472 |    113 |      0 |   4157 |   7 |  797.9 |
               +--------+--------+--------+--------+--------+-----+--------+

Top non-repeatable levels by time:
     D:6: 1029 daAuts
     D:4: 989 daAuts
     D:5: 873 daAuts
     D:1: 839 daAuts
     D:7: 829 daAuts
     D:3: 534 daAuts
     D:2: 489 daAuts
